 Dungeon Crawl Stone Soup version 0.27-a0-1317-gd1140b374c (webtiles) character file.

Game seed: 8765492257930034700

1384 Delamore the Spear-Bearer (level 8, -1/62 HPs)
             Began as a Formicid Fighter on June 21, 2021.
             Was an Initiate of Gozag.
             Slain by an orc priest (2 damage)
             ... on level 6 of the Dungeon.
             The game lasted 00:05:31 (5704 turns).

Delamore the Spear-Bearer (Formicid Fighter)        Turns: 5704, Time: 00:05:32

Health: -1/62      AC: 13    Str: 23    XL:     8   Next: 99%
Magic:  8/8        EV:  8    Int:  8    God:    Gozag
Gold:   563        SH:  6    Dex: 10    Spells: 7/7 levels left

rFire    . . .     SeeInvis +   a - +0 trident
rCold    + . .     Faith    .   t - +2 buckler
rNeg     . . .     Spirit   .   f - +0 chain mail
rPois    .         Reflect  .   (helmet unavailable)
rElec    .         Harm     .   v - +2 cloak {Will+}
rCorr    .         Rampage  .   i - +0 pair of gloves
Will     +....                  (no boots)
Stlth    ..........             (no amulet)
HPRegen  0.20/turn              h - ring of protection from cold
MPRegen  0.11/turn              (no ring)

@: gold aura
A: permanent stasis, dig shafts and tunnels, antennae 3, four strong arms
a: Dig, Shaft Self, Renounce Religion, Potion Petition, Call Merchant, Bribe
Branch


You were on level 6 of the Dungeon.
You worshipped Gozag.
Gozag was pleased with you.
You visited 2 branches of the dungeon, and saw 7 of its levels.
You also visited: Sewer.

You collected 602 gold pieces.
You paid 39 gold pieces to Gozag.

Inventory:

Hand Weapons
 a - a +0 trident (weapon)
 u - a +0 lajatang
 x - a +2 broad axe of flaming
Missiles
 l - 12 poisoned darts (quivered)
Armour
 b - a +0 scale mail
 c - a +0 kite shield
 f - a +0 chain mail (worn)
 i - a +0 pair of gloves (worn)
 o - a +2 cloak of preservation
 t - a +2 buckler (worn)
 v - a +2 cloak of willpower (worn)
Jewellery
 h - a ring of protection from cold (left hand)
Wands
 d - a wand of iceblast (5)
 s - a wand of paralysis (9)
Scrolls
 k - a scroll of magic mapping
 n - 4 scrolls of teleportation
 r - a scroll of amnesia
Potions
 e - a potion of cancellation
 g - 5 potions of flight
 j - 2 potions of lignification
 m - a potion of brilliance
 p - a potion of haste {unknown}
 q - a potion of curing {unknown}
 w - a potion of ambrosia {unknown}


   Skills:
 - Level 5.0 Fighting
 * Level 10.0 Polearms
 - Level 3.2 Armour
 - Level 3.6 Shields


You had 7 spell levels left.
You didn't know any spells.
Your spell library contained the following spells:

 Spells                   Type           Power      Damage    Failure   Level
 Beastly Appendage        Tmut           0%         N/A       98%         1
 Magic Dart               Conj           0%         1d3       98%         1
 Call Imp                 Summ           0%         N/A       99%         2
 Slow                     Hex            0%         N/A       99%         2
 Wereblood                Tmut           0%         N/A       99%         2
 Conjure Flame            Conj/Fire      0%         6-21      100%        3
 Mephitic Cloud           Conj/Pois/Air  0%         N/A       100%        3
 Spider Form              Tmut/Pois      0%         N/A       100%        3
 Ice Form                 Ice/Tmut       0%         N/A       100%        4
 Bolt of Magma            Conj/Fire/Erth 0%         4d4       100%        5
 Iskenderun's Battlesphe  Conj           0%         2d6       100%        5
 Iron Shot                Conj/Erth      0%         9d1       100%        6
 Orb of Destruction       Conj           0%         N/A       100%        7
 Spellforged Servitor     Conj/Summ      0%         N/A       100%        7
 Blink                    Tloc           Unusable   N/A       N/A         2

Dungeon Overview and Level Annotations

Branches:
Dungeon (6/15)             Temple (1/1) D:5           Sewer (visited)

Altars:
Dithmenos
Gozag
Hepliaklqana
Qazlal
Vehumet
Zin


Innate Abilities, Weirdness & Mutations

You cannot be hasted, slowed, berserked, paralysed or teleported.
You can dig through walls and to a lower floor.
You have a pair of large antennae on your head. (SInv)
Your four strong arms can wield two-handed weapons with a shield.


Message History

The orc hits you from afar with a +0 trident.
The orc is distracted by your dazzling golden aura.
You block the orc priest's attack.
The orc shouts!
You block the orc's attack.
The orc is distracted by your dazzling golden aura.
The orc priest calls down the wrath of Beogh upon you.
Beogh smites you!
* * * LOW HITPOINT WARNING * * *
The orc shouts!
The orc is no longer distracted by gold.
The orc is distracted by your dazzling golden aura.
The orc closely misses you.
There is a stone staircase leading down here.
The orc is no longer distracted by gold.
You extend your mandibles.
You dig through the rock wall.
The orc hits you with a +0 falchion.
* * * LOW HITPOINT WARNING * * *
Found a plate armour.
You dig through the rock wall.
You dig through the rock wall.
You retract your mandibles.
You closely miss the orc. You puncture the orc!
You kill the orc!
You hit the orc priest but do no damage.
The orc priest is moderately wounded.
The orc priest mumbles some strange prayers to Beogh against you.
Beogh smites you!
* * * LOW HITPOINT WARNING * * *
You hit the orc priest but do no damage.
The orc priest is moderately wounded.
Okay, then.
You hit the orc priest but do no damage.
The orc priest is moderately wounded.
Your chain mail prevents you from hitting the orc priest.
The orc priest is moderately wounded.
The orc priest hits you with a +2 dagger of protection.
You die...
Your body crumbles into a pile of gold.

###### ### ##....#
..#..##.{#oo################
#.#....[#.#@.......#........
......$#.#########..........
.....#.##{o...## #........
.....#..o{.....## #........
.......o.......>####........
......$.....................
.....oo.........####........
................# #........
......#.........# #...<....


You could see an orc priest and an orc.

Vanquished Creatures
  Maggie (D:5)
  2 ogres
  A scorpion (D:4)
  A water moccasin skeleton (D:5)
  2 centaur zombies (D:6)
  A hound (D:4)
  2 bullfrog zombies
  An orc priest (D:5)
  5 jellies
  Crazy Yiuf (D:4)
  2 centaur skeletons
  2 iguanas
  2 scorpion zombies (D:5)
  4 hound skeletons
  A river rat (D:3)
  9 adders
  A howler monkey skeleton (D:6)
  An ufetubus (D:2)
  An adder skeleton (D:4)
  3 worms
  3 dart slugs
  8 orcs
  6 ball pythons
  12 bats
  7 endoplasms
  4 giant cockroaches
  10 goblins
  6 hobgoblins
  6 jackals
  9 kobolds
  4 quokkas
  8 frilled lizards
  10 rats
136 creatures vanquished.

Notes
Turn   | Place    | Note
-------+----------+-------------------------------------------
     0 | D:1      | Delamore the Formicid Fighter began the quest for the Orb.
     0 | D:1      | Reached XP level 1. HP: 18/18 MP: 1/1
   140 | D:1      | Reached XP level 2. HP: 24/24 MP: 2/2
   264 | D:1      | Reached XP level 3. HP: 30/30 MP: 3/3
   358 | D:1      | Reached skill level 3 in Polearms
   715 | D:1      | Found an opulent altar of Gozag.
   789 | D:2      | Found a faded altar of an unknown god.
   888 | D:1      | Reached XP level 4. HP: 9/37 MP: 4/4
  1221 | D:2      | Found a shadowy altar of Dithmenos.
  1224 | D:2      | Reached skill level 4 in Polearms
  1242 | D:2      | Reached XP level 5. HP: 43/43 MP: 5/5
  1825 | D:3      | Found a glowing drain.
  1861 | Sewer    | Entered a sewer
  2143 | Sewer    | Reached XP level 6. HP: 48/49 MP: 6/6
  2581 | D:1      | Became a worshipper of Gozag Ym Sagoz the Greedy
  2837 | D:3      | Reached skill level 5 in Polearms
  3492 | D:4      | Reached skill level 5 in Fighting
  3556 | D:4      | Found a runed translucent door.
  3557 | D:4      | Noticed Crazy Yiuf
  3566 | D:4      | Killed Crazy Yiuf
  3887 | D:4      | Reached skill level 6 in Polearms
  3887 | D:4      | Reached XP level 7. HP: 53/56 MP: 7/7
  4292 | D:4      | Reached skill level 7 in Polearms
  4631 | D:5      | Entered Level 5 of the Dungeon
  4834 | D:5      | Reached XP level 8. HP: 62/62 MP: 8/8
  4861 | D:5      | Reached skill level 8 in Polearms
  4878 | D:5      | Found a staircase to the Ecumenical Temple.
  5450 | Temple   | Entered the Ecumenical Temple
  5462 | D:6      | Noticed Maggie
  5478 | D:5      | Killed Maggie
  5479 | D:5      | Reached skill level 9 in Polearms
  5680 | D:6      | Reached skill level 10 in Polearms
  5701 | D:6      | HP: 1/62 [orc priest/divine providence (10)]
  5704 | D:6      | Slain by an orc priest

Illustrated notes

Levels and vault maps discovered:
D:1:      dpeg_arrival_water_altar, layout_loops_ring
D:2:      layout_rooms, shapermc_ecumenical_altar_mp_highgroup, basic_altar,
          fountainhead
D:3:      layout_basic, lightli_sewer_entry_pipes
D:4:      layout_loops_corners, minmay_misc_feat_tiny, uniq_crazy_yiuf_cottage
D:5:      layout_cave_pools, minmay_temple_entry_statues,
          hangedman_decor_riveting, minmay_misc_feat_five, minivault_24,
          grunt_ministairs_6
D:6:      layout_rooms, uniq_maggie
Temple:   eino_temple_rhombus

Skill      XL: |  1  2  3  4  5  6  7  8 |
---------------+-------------------------+-----
Polearms       | 3 4 6 7 10 | 10.0
Fighting       | 4 5 |  5.0
Armour         | |  3.2
Shields        | |  3.6

Action                   |  1- 3 |  4- 6 |  7- 9 || total
-------------------------+-------+-------+-------++-------
Melee: Trident           |   109 |   295 |   199 ||   603
Throw: Dart              |       |       |     5 ||     5
 Abil: Dig               |     1 |     1 |     3 ||     5
  Use: Scroll            |     1 |     7 |     2 ||    10
       Potion            |       |     1 |     1 ||     2
Armor: Chain mail        |    51 |   142 |    88 ||   281
Dodge: Dodged            |    15 |    82 |    69 ||   166
Block: Kite shield       |    46 |   165 |     4 ||   215
       Buckler           |       |       |    48 ||    48

Table legend: (Time is in decaauts)
 A = Elapsed time spent in this place.
 B = Non-inter-level travel time spent in this place.
 C = Inter-level travel time spent in this place.
 D = Time resting spent in this place.
 E = Time spent auto-exploring this place.
 F = Levels seen in this place.
 G = Mean time per level.
                   A        B        C        D        E       F      G
               +--------+--------+--------+--------+--------+-----+--------+
         Total |   5927 |   5502 |    425 |    531 |   3684 |   8 |  740.9 |
       Dungeon |   5276 |   4851 |    425 |    402 |   3310 |   6 |  879.3 |
        Temple |      1 |      1 |      0 |      0 |      0 |   1 |    1.0 |
         Sewer |    649 |    649 |      0 |    129 |    373 |   1 |  649.0 |
               +--------+--------+--------+--------+--------+-----+--------+

Top non-repeatable levels by time:
     D:4: 1240 daAuts
     D:1: 1184 daAuts
     D:3: 1056 daAuts
     D:5: 898 daAuts
     D:2: 739 daAuts
   Sewer: 649 daAuts
     D:6: 156 daAuts
  Temple: 1 daAuts
